 Dungeon Crawl Stone Soup version 0.22-a0-803-gd6d8abeff0 (webtiles) character file.

375 Mirvelgyr the Chopper (level 6, -11/56 HPs)
             Began as a Minotaur Berserker on July 22, 2018.
             Was a Believer of Trog.
             Mangled by a two-headed ogre
             ... wielding a +0 giant club
              (12 damage)
             ... on level 4 of the Dungeon.
             The game lasted 00:02:46 (2298 turns).

Mirvelgyr the Chopper (Minotaur Berserker)          Turns: 2298, Time: 00:02:47

Health: -11/56     AC: 10    Str: 21    XL:     6   Next: 44%
Magic:  5/5        EV: 10    Int:  4    God:    Trog [**....]
Gold:   136        SH:  0    Dex: 12    Spells: 5/5 levels left

rFire    . . .     SeeInvis .   a - +0 hand axe
rCold    . . .     Gourm    .   (no shield)
rNeg     . . .     Faith    .   h - +0 chain mail
rPois    .         Spirit   .   (helmet restricted)
rElec    .         Reflect  .   (no cloak)
rCorr    .         Harm     .   r - +0 pair of gloves
MR       .....                  (no boots)
Stlth    ..........             (no amulet)
HPRegen  0.18/turn              i - +1 ring of evasion
MPRegen  0.09/turn              (no ring)

@: no status effects
A: retaliatory headbutt, horns 2
a: Berserk, Trog's Hand, Renounce Religion


You were on level 4 of the Dungeon.
You worshipped Trog.
Trog was pleased with you.
You were hungry.

You visited 1 branch of the dungeon, and saw 4 of its levels.

You collected 136 gold pieces.

Inventory:

Hand Weapons
 a - a +0 hand axe (weapon)
Armour
 h - a +0 chain mail (worn)
 r - a +0 pair of gloves (worn)
Jewellery
 i - a +1 ring of evasion (left hand)
Wands
 o - a wand of paralysis (20)
 s - a wand of iceblast (10)
 t - a wand of acid (6)
Scrolls
 d - 2 scrolls of random uselessness {unknown}
 e - 2 scrolls of immolation {unknown}
 j - a scroll of noise {unknown}
 k - 2 scrolls of teleportation {unknown}
 m - 3 scrolls of identify {unknown}
 p - a scroll of enchant armour {unknown}
Potions
 b - 3 potions of heal wounds {unknown}
 g - 3 potions of magic {unknown}
 l - a potion of mutation {unknown}
 n - a potion of might {unknown}
 q - a potion of flight {unknown}
Comestibles
 c - 4 rations
 f - 6 chunks of flesh


   Skills:
 + Level 5.0 Fighting
 * Level 6.2 Axes
 + Level 4.2 Armour
 + Level 3.9 Dodging


You had 5 spell levels left.
You didn't know any spells.
Your spell library was empty.

Dungeon Overview and Level Annotations

Branches:
Dungeon (4/15)
 Temple: D:4-7

Altars:
Elyvilon
Nemelex Xobeh
Okawaru
Yredelemnul


Innate Abilities, Weirdness & Mutations

You reflexively headbutt those who attack you in melee.
You have a pair of horns on your head.


Message History

You hit the two-headed ogre. You headbutt the two-headed ogre!
The two-headed ogre is severely wounded.
Your chain mail prevents you from hitting the leopard gecko.
The leopard gecko closely misses you. You furiously retaliate!
You headbutt the leopard gecko. You hit the leopard gecko.
You kill the leopard gecko!
Trog accepts your kill.
You hit the two-headed ogre.
The two-headed ogre hits you with a giant club. x2
You are too injured to fight recklessly!
You are too injured to fight recklessly!
You are too injured to fight recklessly!
You are feeling hungry.
You hit the two-headed ogre.
The two-headed ogre is almost dead.
The two-headed ogre hits you with a giant club!!
* * * LOW HITPOINT WARNING * * *
The two-headed ogre hits you with a giant club!
You die...

##.. +..########
###..###..........
.........#.#######
#####....#.#
##.###.#
####.###.#
#........#
#.##.##..# #
#.##@.#
#...O......#
####..###### #..#
...# ##.. ##


You could see a two-headed ogre.

Vanquished Creatures
  An ogre (D:4)
  A crimson imp (D:4)
  2 orc wizards (D:3)
  Ijyb (D:3)
  A worker ant (D:4)
  5 adders
  2 adder skeletons (D:4)
  3 worms (D:2)
  A dart slug (D:3)
  A leopard gecko (D:4)
  13 orcs
  4 bats
  3 giant cockroaches
  7 goblins
  8 hobgoblins
  7 jackals
  9 kobolds
  A quokka (D:4)
  4 frilled lizards
  2 rats
76 creatures vanquished.

Notes
Turn   | Place    | Note
-------+----------+-------------------------------------------
     0 | D:1      | Mirvelgyr the Minotaur Berserker began the quest for the Orb.
     0 | D:1      | Reached XP level 1. HP: 19/19 MP: 0/0
   121 | D:1      | Reached XP level 2. HP: 27/27 MP: 1/1
   124 | D:1      | Reached skill level 4 in Axes
   501 | D:2      | Reached XP level 3. HP: 29/33 MP: 2/2
   504 | D:2      | Found an iron altar of Okawaru.
   806 | D:2      | Reached ** piety under Trog
   903 | D:2      | Found a basalt altar of Yredelemnul.
   955 | D:2      | Found a white marble altar of Elyvilon.
   988 | D:2      | Found a sparkling altar of Nemelex Xobeh.
  1223 | D:3      | Reached XP level 4. HP: 34/40 MP: 3/3
  1269 | D:3      | Noticed Ijyb
  1281 | D:3      | Killed Ijyb
  1281 | D:3      | Reached skill level 5 in Axes
  1282 | D:3      | Reached XP level 5. HP: 47/47 MP: 4/4
  2032 | D:4      | Noticed an ogre
  2042 | D:4      | Killed an ogre
  2042 | D:4      | Reached skill level 6 in Axes
  2042 | D:4      | Reached XP level 6. HP: 21/55 MP: 5/5
  2252 | D:4      | Reached skill level 5 in Fighting
  2288 | D:4      | Noticed a two-headed ogre
  2298 | D:4      | HP: 1/56 [two-headed ogre/giant club (21)]
  2298 | D:4      | Mangled by a two-headed ogre

Vault maps used:
D:1:      moated_graveyard_arrival, hex_medium
D:2:      kennysheep_ying_yang, overflow_temple_1_default,
          minmay_misc_feat_roman, okawaru_ov_weapons_minmay
D:3:      first_ration, uniq_ijyb
D:4:      kennysheep_mini_moat, minmay_fire_ice_demons

Skill      XL: |  1  2  3  4  5  6 |
---------------+-------------------+-----
Axes           | 4 5 6 |  6.2
Fighting       | 4 5 |  5.0
Armour         | 3 4 |  4.2
Dodging        | 3 |  3.9

Action                   |  1- 3 |  4- 6 || total
-------------------------+-------+-------++-------
Melee: Hand axe          |    92 |    96 ||   188
       Headbutt          |    16 |    19 ||    35
Invok: Trog's Hand       |     2 |     1 ||     3
       Berserk           |       |     1 ||     1
  Eat: Chunk             |     1 |     5 ||     6
Armor: Animal skin       |     5 |       ||     5
       Chain mail        |    33 |    42 ||    75
Dodge: Dodged            |    42 |    40 ||    82

Table legend:
 A = Spawn XP
 B = Non-spawn XP
 C = Spawn XP percentage of total XP
 D = Spawn monster count
 E = Non-spawn monster count
 F = Spawn count percentage of total count
 G = Total turns spent on level
                    A         B        C        D         E        F      G
               +---------+---------+-------+---------+---------+-------+---------
         Total |       0 |     537 |   0.0 |       0 |      76 |   0.0 |  2298
               +---------+---------+-------+---------+---------+-------+---------
           D:1 |       0 |      26 |   0.0 |       0 |      15 |   0.0 |   370
           D:2 |       0 |      58 |   0.0 |       0 |      22 |   0.0 |   734
           D:3 |       0 |     207 |   0.0 |       0 |      27 |   0.0 |   785
           D:4 |       0 |     246 |   0.0 |       0 |      12 |   0.0 |   409
               +---------+---------+-------+---------+---------+-------+---------
